 Dungeon Crawl Stone Soup version 0.31.0-11-ge490571c62 (webtiles) character file.

Game seed: 4898000080700227331

107 qw the Skirmisher (level 4, -13/25 HPs)
             Began as a Deep Elf Hunter on Feb 3, 2024.
             Mangled by Sigmund
             ... wielding a +3 scythe of distortion
              (20 damage)
             ... on level 3 of the Dungeon.
             The game lasted 00:00:04 (1451 turns).

qw the Skirmisher (Deep Elf Hunter)                 Turns: 1451, Time: 00:00:05

Health: -13/25     AC:  4    Str: 10    XL:     4   Next: 57%
Magic:  6/6        EV: 12    Int: 16    God:
Gold:   121        SH:  0    Dex: 18    Spells: 3/3 levels left

rFire   x . .        j - +6 sling of Zuckir {drain, rF- rN++ Int+2}
rCold   . . .        (no shield)
rNeg    + + .        c - +0 leather armour
rPois   .            h - +0 helmet
rElec   .            (no cloak)
rCorr   .            (no gloves)
SInv    .            (no boots)
Will    .....        (no amulet)
Stlth   ++           (no ring)
HPRegen 0.24/turn    (no ring)
MPRegen 0.10/turn

%: no passive effects
@: hasted, very quick
A: no striking features
a: no special abilities


You were on level 3 of the Dungeon.
You visited 1 branch of the dungeon, and saw 3 of its levels.

You collected 121 gold pieces.


   Skills:
 - Level 1.5 Fighting
 + Level 8.0 Ranged Weapons
 - Level 2.4 Dodging
 - Level 1.2 Stealth


You had 3 spell levels left.
You didn't know any spells.
Your spell library was empty.

Inventory:

Hand Weapons
 a - a +0 shortbow
 j - the +6 sling of Zuckir (weapon) {drain, rF- rN++ Int+2}
   (You found it on level 2 of the Dungeon)

   Int+2:     It affects your intelligence (+2).
   rF-:       It makes you vulnerable to fire.
   rN++:      It greatly protects you from negative energy.
Armour
 c - a +0 leather armour (worn)
 h - a +0 helmet (worn)
Scrolls
 e - a scroll of acquirement {unknown}
 g - a scroll of teleportation
Potions
 d - a potion of cancellation

Dungeon Overview and Level Annotations

Branches:
Dungeon (3/15)

Altars:

Shops:
D:3 :

Annotations:
D:3 Sigmund


Message History

A bombardier beetle comes into view.
You see here 5 gold pieces.
You shoot a sling bullet.
The sling bullet hits the bombardier beetle.
The bombardier beetle is lightly wounded.
You shoot a sling bullet.
The sling bullet barely misses the bombardier beetle.
The bombardier beetle misses you.
You shoot a sling bullet.
The sling bullet hits the bombardier beetle!
The bombardier beetle is severely wounded.
You shoot a sling bullet.
The sling bullet hits the bombardier beetle.
The bombardier beetle is almost dead.
The bombardier beetle barely misses you.
You shoot a sling bullet.
The sling bullet hits the bombardier beetle!
You kill the bombardier beetle!
Your Ranged Weapons skill increases to level 8!
You now have 110 gold pieces (gained 5).
e - a scroll labelled OZUTAA BUUCKIE You now have 121 gold pieces (gained 11).
Sigmund the Dreaded comes into view.
He is wielding a +3 scythe of distortion.
You shoot a sling bullet. The sling bullet hits Sigmund.
You drain Sigmund.
Sigmund is moderately wounded.
Sigmund gestures at you while chanting.
You are confused.
1444 ||| DRINKING blue potion.
It was a potion of haste.
You feel yourself speed up.
Sigmund hits you from afar with a +3 scythe of distortion.
Space warps around you. Sigmund closely misses you.
Sigmund laughs darkly.
Sigmund closely misses you.
You feel less confused.
Sigmund hits you from afar with a +3 scythe of distortion!
Space warps horribly around you!!
Ouch! That really hurt!
You die...
Sigmund begins carving another notch in his scythe.

.#.}.}.#.#.#.#.#.....#.#...
#.......#.#.#.#.#.#.#.#....#
.#.#.#.#.#.#.#.#.#.#.#.#.....
#+#.#.#.#.#.#.#.#%#.#.#.....#
.....#.#.#.#.#.#.#.#.#.#....
....#.#.#.#.#.#.#.#.#.#....
.....#.#.#.#.#.#.#...#.#.#
#.#.#.#.#.#.#.#.#+......#
.#.#.#.#.#+#....@#......+
#.#.#.....!.....#.......#
######.........@##......#
..... .......... #......#
..... ........# #......#
###.. ####.. ####...# # . #..
#...# # #.. #...# # ##.##


You could see Sigmund (very drained).

Vanquished Creatures
  A bombardier beetle (D:3)
  3 adders (D:2)
  A dart slug (D:2)
  2 ribbon worms (D:2)
  5 ball pythons
  3 bats
  5 endoplasms
  2 giant cockroaches
  2 hobgoblins
  2 jackals (D:1)
  3 kobolds
  3 quokkas (D:2)
  A frilled lizard (D:2)
  3 goblins
  4 rats
40 creatures vanquished.

Notes
Turn   | Place    | Note
-------+----------+-------------------------------------------
     0 | D:1      | qw the Deep Elf Hunter began the quest for the Orb.
     0 | D:1      | Reached XP level 1. HP: 12/12 MP: 3/3
     0 | D:1      | 0 ||| qw: Version: 0.3-a-157-g843a77d
     0 | D:1      | 0 ||| qw: Game counter: 3997
     0 | D:1      | 0 ||| qw: Melee chars always use a shield: true
     0 | D:1      | 0 ||| qw: God list: Okawaru
     0 | D:1      | 0 ||| qw: Allow faded altars: false
     0 | D:1      | 0 ||| qw: Do Orc after clearing Dungeon:15 true
     0 | D:1      | 0 ||| qw: Do second Lair branch before Depths: true
     0 | D:1      | 0 ||| qw: Lair rune preference: random
     0 | D:1      | 0 ||| qw: Goals: Normal
     0 | D:1      | 0 ||| PLANNING D:1-11
   108 | D:1      | Reached skill level 6 in Ranged Weapons
   108 | D:1      | Reached XP level 2. HP: 16/16 MP: 4/4
   531 | D:1      | 531 ||| UPGRADING to +0 helmet.
   536 | D:1      | 536 ||| READING 3 scrolls labelled MAGU ALASHRUSUN.
   536 | D:1      | 536 ||| IDENTIFYING murky cyan potion
   537 | D:1      | 537 ||| READING 2 scrolls of identify.
   537 | D:1      | 537 ||| IDENTIFYING scroll labelled LESKAURRUH
   538 | D:1      | 538 ||| READING scroll of identify.
   538 | D:1      | 538 ||| IDENTIFYING scroll labelled FIPSUS DIACSE
   539 | D:1      | 539 ||| DROPPING scroll of butterflies.
   540 | D:1      | 540 ||| DROPPING scroll of fear.
   541 | D:1      | 541 ||| DROPPING potion of lignification.
   649 | D:2      | Reached XP level 3. HP: 18/20 MP: 5/5
   871 | D:2      | Reached skill level 7 in Ranged Weapons
  1006 | D:2      | Identified the +6 sling of Zuckir {drain, rF- rN++ Int+2}
  1008 | D:2      | 1008 ||| SWAPPING to +6 sling of Zuckir {drain, rF- rN++
                  | Int+2}.
  1172 | D:2      | Reached XP level 4. HP: 25/25 MP: 6/6
  1303 | D:2      | 1303 ||| READING 3 scrolls of identify.
  1303 | D:2      | 1303 ||| IDENTIFYING grey potion
  1304 | D:2      | 1304 ||| READING 2 scrolls of identify.
  1304 | D:2      | 1304 ||| IDENTIFYING green potion
  1305 | D:2      | 1305 ||| READING scroll of identify.
  1305 | D:2      | 1305 ||| IDENTIFYING scroll labelled WUENNU SYOLYOMU
  1306 | D:2      | 1306 ||| READING 2 scrolls labelled XAPHIVVAORU.
  1307 | D:2      | 1307 ||| DROPPING scroll of poison.
  1308 | D:2      | 1308 ||| DROPPING potion of berserk rage.
  1309 | D:2      | 1309 ||| DROPPING scroll of fog.
  1385 | D:3      | Found a faded altar of an unknown god.
  1402 | D:3      | Found Risupp's Vocational Training.
  1428 | D:3      | Reached skill level 8 in Ranged Weapons
  1442 | D:3      | Noticed Sigmund
  1444 | D:3      | 1444 ||| DRINKING blue potion.
  1451 | D:3      | Mangled by Sigmund

Levels and vault maps discovered:
D:1:      mainiacjoe_arrival_reflecting_pool, layout_rooms, serial_rivers,
          chequers_serial_rivers_large_b, chequers_serial_rivers_micro_b,
          chequers_serial_rivers_small_3, chequers_serial_rivers_micro_a
D:2:      minmay_spotlight, layout_loops_cross
D:3:      layout_basic, mainiacjoe_overflow_swirl, basic_ecumenical_altar,
          nicolae_shop_vocational, uniq_terence, uniq_sigmund

Skill      XL: |  1  2  3  4 |
---------------+-------------+-----
Ranged Weapons | 6 7 8 |  8.0
Fighting       | |  1.5
Dodging        | |  2.4
Stealth        | |  1.2

Action                     |  1- 3 |  4- 6 || total
---------------------------+-------+-------++-------
   Fire: Shortbow          |    93 |       ||    93
         Sling             |     7 |    10 ||    17
    Use: Scroll            |     3 |     4 ||     7
         Potion            |       |     1 ||     1
 Armour: Leather armour    |    25 |     2 ||    27
  Dodge: Dodged            |    31 |     4 ||    35

Table legend:
 A = Non-vault XP
 B = Vault XP
 C = Vault XP percentage of total XP
 D = Non-vault monster count
 E = Vault monster count
 F = Vault count percentage of total count
                 A         B        C        D         E       F
            +---------+---------+-------+---------+---------+-------
      Total |     130 |      24 |  15.6 |      34 |       6 |  15.0
            +---------+---------+-------+---------+---------+-------
        D:1 |      19 |       0 |   0.0 |      12 |       0 |   0.0
        D:2 |      59 |      24 |  28.9 |      18 |       6 |  25.0
        D:3 |      52 |       0 |   0.0 |       4 |       0 |   0.0
            +---------+---------+-------+---------+---------+-------
